 Dungeon Crawl Stone Soup version 0.31-a0-240-gb923e448b6 (webtiles) character file.

Game seed: 4689157396343392587

184 qw the Shooter (level 5, -1/32 HPs)
             Began as a Gargoyle Hexslinger on July 11, 2023.
             Slain by a gnoll
             ... wielding a +0 spear
              (4 damage)
             ... on level 3 of the Dungeon.
             The game lasted 00:01:20 (2184 turns).

qw the Shooter (Gargoyle Hexslinger)                Turns: 2184, Time: 00:01:20

Health: -1/32      AC:  8    Str:  9 (11) XL:     5   Next: 63%
Magic:  6/6        EV: 11    Int: 12 (14) God:
Gold:   113        SH:  0    Dex: 11 (14) Spells: 5/6 levels left

rFire   . . .        Y - +1 sling
rCold   . . .        (no shield)
rNeg    + . .        j - +0 leather armour
rPois   inf          c - +0 helmet
rElec   +            (no cloak)
rCorr   .            (no gloves)
SInv    .            (no boots)
Will    .....        (no amulet)
Stlth   +            (no ring)
HPRegen 0.25/turn    (no ring)
MPRegen 0.10/turn

%: no passive effects
@: no status effects
A: sickness immunity, AC +4, negative energy resistance 1, electricity
resistance, torment resistance 1, petrification resistance
a: no special abilities


You were on level 3 of the Dungeon.
You visited 1 branch of the dungeon, and saw 3 of its levels.

You collected 212 gold pieces.
You spent 99 gold pieces at shops.


Innate Abilities, Weirdness & Mutations

You are immune to sickness and miasma.
Your stone body is resilient. (AC +4)
You are immune to poison.
You resist negative energy. (rN+)
You are resistant to electric shocks. (rElec)
You are resistant to unholy torment.
You are immune to petrification.


   Skills:
 - Level 3.0 Fighting
 + Level 5.0 Ranged Weapons
 - Level 1.5 Dodging
 - Level 1.0 Spellcasting
 - Level 2.6 Hexes


You had 5 spell levels left.
You knew the following spells:

 Your Spells              Type           Power      Damage    Failure   Level
a - Slow                  Hex            28%        N/A       14%         1

Your spell library contained the following spells:

 Spells                   Type           Power      Damage    Failure   Level
 Inner Flame              Hex/Fire       3%         N/A       58%         3
 Portal Projectile        Hex/Tloc       6%         N/A       58%         3
 Cause Fear               Hex            3%         N/A       80%         4

Inventory:

Hand Weapons
 Y - a +1 sling (weapon)
Armour
 c - a +0 helmet (worn)
 e - a +0 ring mail
 j - a +0 leather armour (worn)
Scrolls
 a - 2 scrolls of teleportation
Potions
 b - a potion of ambrosia {unknown}
 d - a potion of lignification {unknown}
 f - a potion of resistance {unknown}
 g - a potion of might {unknown}
 h - a potion of cancellation {unknown}
 l - a potion of mutation {unknown}
 m - a potion of attraction {unknown}

Dungeon Overview and Level Annotations

Branches:
Dungeon (3/15)

Altars:
Ashenzari
Yredelemnul

Shops:
D:2 [


Message History

You shoot a sling bullet.
The sling bullet hits the gnoll but does no damage.
You shoot a sling bullet.
The sling bullet hits the gnoll but does no damage.
The gnoll is almost dead.
You shoot a sling bullet.
The sling bullet hits the gnoll but does no damage.
The gnoll closely misses you.
You shoot a sling bullet.
The sling bullet hits the gnoll but does no damage.
You shoot a sling bullet. The sling bullet hits the gnoll.
The gnoll is moderately wounded.
The gnoll misses you.
You shoot a sling bullet.
The sling bullet barely misses the gnoll.
The gnoll hits you with a +0 whip. The gnoll misses you.
The gnoll closely misses you. The gnoll hits you but does no damage.
You shoot a sling bullet.
The sling bullet hits the gnoll but does no damage.
The gnoll is moderately wounded.
The gnoll closely misses you. The gnoll hits you but does no damage.
The gnoll hits you with a +0 flail.
You shoot a sling bullet. The sling bullet hits the gnoll.
The gnoll is heavily wounded.
The gnoll hits you but does no damage. The gnoll hits you with a +0 whip.
The gnoll hits you with a +0 flail.
You shoot a sling bullet. The sling bullet hits the gnoll.
The gnoll is severely wounded.
The gnoll hits you from afar with a +0 spear.
The gnoll barely misses you. The gnoll hits you but does no damage.
You shoot a sling bullet.
The sling bullet barely misses the gnoll.
The gnoll hits you from afar with a +0 spear!
The gnoll hits you with a +0 whip. The gnoll closely misses you.
You shoot a sling bullet.
The sling bullet closely misses the gnoll.
The gnoll hits you but does no damage. The gnoll hits you with a +0 whip.
The gnoll closely misses you. The gnoll hits you with a +0 flail.
The gnoll hits you from afar with a +0 spear.
You die...

######...<.####..##
###.#).....)..
#..######... ##.#
#.# #.# ..####.##
### #.......## ...
#.#@.# ..#
####ggg.###########
.............%.....#
######.......#####.#
#......#.#####.##
#.######........# #.
######.#.## #.
#.#..## .. #.....##


You could see 3 gnolls.

Vanquished Creatures
  Jessica (D:2)
  Natasha (D:3)
  5 adders
  A worm (D:3)
  4 dart slugs
  7 endoplasms
  4 giant cockroaches
  7 goblins
  7 hobgoblins
  5 jackals (D:1)
  A quokka (D:1)
  4 ball pythons (D:1)
  6 bats
  16 frilled lizards
  8 kobolds
  6 rats
83 creatures vanquished.

Notes
Turn   | Place    | Note
-------+----------+-------------------------------------------
     0 | D:1      | qw the Gargoyle Hexslinger began the quest for the Orb.
     0 | D:1      | Reached XP level 1. HP: 12/12 MP: 2/2
     0 | D:1      | 0 ||| qw: Version: 0.3-a-52-g30416fa
     0 | D:1      | 0 ||| qw: Game counter: 6038
     0 | D:1      | 0 ||| qw: Melee chars always use a shield: true
     0 | D:1      | 0 ||| qw: God list: Okawaru
     0 | D:1      | 0 ||| qw: Allow faded altars: false
     0 | D:1      | 0 ||| qw: Do Orc after clearing Dungeon:15 true
     0 | D:1      | 0 ||| qw: Do second Lair branch before Depths: true
     0 | D:1      | 0 ||| qw: Lair rune preference: random
     0 | D:1      | 0 ||| qw: Goals: Normal
     0 | D:1      | 0 ||| PLANNING D:1-11
    62 | D:1      | Reached XP level 2. HP: 13/16 MP: 3/3
    62 | D:1      | 62 ||| FLEEEEING.
    63 | D:1      | 63 ||| FLEEEEING.
   111 | D:1      | Reached skill level 3 in Ranged Weapons
   219 | D:1      | Reached XP level 3. HP: 12/21 MP: 4/4
   547 | D:1      | 547 ||| UPGRADING to +0 leather armour.
   557 | D:1      | 557 ||| DROPPING +0 robe.
   558 | D:1      | 558 ||| DROPPING ring of flight.
   559 | D:1      | 559 ||| READING scroll labelled CINWI HIJIFO.
   562 | D:1      | 562 ||| READING scroll labelled MUNALUA XAPENN.
   563 | D:1      | 563 ||| DROPPING scroll of poison.
   583 | D:2      | 583 ||| STAIRDANCE
   587 | D:2      | 587 ||| STAIRDANCE
   607 | D:2      | 607 ||| STAIRDANCE
   611 | D:2      | 611 ||| STAIRDANCE
   615 | D:2      | 615 ||| STAIRDANCE
   619 | D:2      | 619 ||| STAIRDANCE
   623 | D:2      | 623 ||| STAIRDANCE
   627 | D:2      | 627 ||| STAIRDANCE
   631 | D:2      | 631 ||| STAIRDANCE
   635 | D:2      | 635 ||| STAIRDANCE
   639 | D:2      | 639 ||| STAIRDANCE
   643 | D:2      | 643 ||| STAIRDANCE
   647 | D:2      | 647 ||| STAIRDANCE
   651 | D:2      | 651 ||| STAIRDANCE
   655 | D:2      | 655 ||| STAIRDANCE
   659 | D:2      | 659 ||| STAIRDANCE
   663 | D:2      | 663 ||| STAIRDANCE
   667 | D:2      | 667 ||| STAIRDANCE
   671 | D:2      | 671 ||| STAIRDANCE
   675 | D:2      | 675 ||| STAIRDANCE
   731 | D:2      | Reached XP level 4. HP: 26/26 MP: 5/5
   845 | D:2      | Noticed Jessica
   846 | D:2      | Killed Jessica
   847 | D:2      | Reached skill level 4 in Ranged Weapons
  1032 | D:2      | 1032 ||| Stepping ~*~*~tactically~*~*~ (outnumbered).
  1128 | D:2      | Found Negy's Antique Armour Shop.
  1150 | D:2      | Reached XP level 5. HP: 26/30 MP: 6/6
  1170 | D:2      | 1170 ||| SHOPLISTING embroidered scarf (176 gold, have
                  | 105).
  1170 | D:2      | 1170 ||| BUYING helmet (99 gold).
  1170 | D:2      | Bought a helmet for 99 gold pieces
  1170 | D:2      | 1170 ||| SHOPLISTING pair of runed gloves (165 gold, have
                  | 6).
  1452 | D:2      | 1452 ||| UPGRADING to +0 helmet.
  1457 | D:2      | 1457 ||| READING scroll labelled JIUPNE FO WAST.
  1761 | D:3      | Reached skill level 5 in Ranged Weapons
  1810 | D:3      | Found a basalt altar of Yredelemnul.
  1810 | D:3      | Found a broken altar of Ashenzari.
  1812 | D:3      | 1812 ||| DRINKING 2 bubbling coppery potions.
  1814 | D:3      | 1814 ||| DROPPING potion of degeneration.
  2024 | D:3      | Noticed Natasha
  2030 | D:3      | Killed Natasha
  2031 | D:3      | Reached skill level 3 in Fighting
  2184 | D:3      | HP: 6/32 [gnoll/+0 whip (6)]
  2184 | D:3      | Slain by a gnoll

Levels and vault maps discovered:
D:1:      spicycebolla_arrival_ecumenical, layout_rooms,
          hangedman_decor_growths, minmay_misc_feat_chi, minmay_lizard_pond
D:2:      layout_basic, serial_shops, nicolae_shop_tiny_glass, uniq_jessica
D:3:      layout_rooms, jmf_multi_god_temple, uniq_natasha

Skill      XL: |  1  2  3  4  5 |
---------------+----------------+-----
Ranged Weapons | 3 4 5 |  5.0
Fighting       | 2 3 |  3.0
Dodging        | |  1.5
Spellcasting   | |  1.0
Hexes          | |  2.6

Action                     |  1- 3 |  4- 6 || total
---------------------------+-------+-------++-------
   Fire: Sling             |   122 |   171 ||   293
    Use: Scroll            |     2 |     1 ||     3
         Potion            |       |     1 ||     1
 Armour: Robe              |    21 |       ||    21
         Leather armour    |     2 |    43 ||    45
  Dodge: Dodged            |    41 |    66 ||   107

Table legend:
 A = Non-vault XP
 B = Vault XP
 C = Vault XP percentage of total XP
 D = Non-vault monster count
 E = Vault monster count
 F = Vault count percentage of total count
                 A         B        C        D         E       F
            +---------+---------+-------+---------+---------+-------
      Total |     168 |      95 |  36.1 |      70 |      13 |  15.7
            +---------+---------+-------+---------+---------+-------
        D:1 |      57 |       9 |  13.6 |      35 |       9 |  20.5
        D:2 |      69 |      37 |  34.9 |      20 |       1 |   4.8
        D:3 |      42 |      49 |  53.8 |      15 |       3 |  16.7
            +---------+---------+-------+---------+---------+-------
